 Dungeon Crawl Stone Soup version 0.28-a0-697-g47f3eba078 (webtiles) character file.

Game seed: 2093347258629341854

2217 ytrimaz the Cleaver (level 9, 0/69 HPs)
             Began as a Formicid Fighter on Oct 23, 2021.
             Slain by an orc warrior (6 damage)
             ... in a bailey.
             The game lasted 00:14:58 (10752 turns).

ytrimaz the Cleaver (Formicid Fighter)             Turns: 10752, Time: 00:14:58

Health: 0/69       AC: 17    Str: 25 (27) XL:     9   Next: 61%
Magic:  3/3        EV:  7    Int:  7 (10) God:
Gold:   126        SH:  5    Dex: 14 (16) Spells: 8/8 levels left

rFire   . . .      SeeInvis +   t - +8 hand axe of the Wraith {antimagic, Str+3 Int+2}
rCold   . . .      Faith    +   c - +0 buckler
rNeg    . . .      Spirit   .   n - +0 plate armour
rPois   .          Reflect  .   (helmet unavailable)
rElec   .          Harm     .   e - +0 cloak
rCorr   .          Rampage  .   k - +1 pair of gloves
Will    .....                   (no boots)
Stlth   ..........              g - amulet of faith
HPRegen 0.21/turn               s - +6 ring of dexterity
MPRegen 0.08/turn               (no ring)

@: no status effects
A: permanent stasis, dig shafts and tunnels, antennae 3, four strong arms
a: Dig


You were in a bailey.
You visited 2 branches of the dungeon, and saw 10 of its levels.
You also visited: Ossuary and Bailey.

You collected 402 gold pieces.
You spent 276 gold pieces at shops.

Inventory:

Hand Weapons
 a - a +1 war axe
 p - a +3 hand axe
 t - the +8 hand axe of the Wraith (weapon) {antimagic, Str+3 Int+2}
   (You found it on level 9 of the Dungeon)

   It reduces the magical energy of the wielder, and disrupts the spells and
   magical abilities of those it strikes.
   Natural abilities and divine invocations are not affected.
   Str:       It affects your strength (+3).
   Int:       It affects your intelligence (+2).
Missiles
 b - a throwing net
Armour
 c - a +0 buckler (worn)
 e - a +0 cloak (worn)
 k - a +1 pair of gloves (worn)
 n - a +0 plate armour (worn)
Jewellery
 g - an amulet of faith (around neck)
 s - a +6 ring of dexterity (left hand)
Wands
 f - a wand of paralysis (10)
 m - a wand of flame (45)
 q - a wand of iceblast (7)
Scrolls
 i - 3 scrolls of enchant weapon
Potions
 d - 3 potions of flight
 j - a potion of mutation
 l - 2 potions of curing
 r - a potion of degeneration


   Skills:
 + Level 6.2 Fighting
 + Level 8.7 Axes
 + Level 7.6 Armour
 + Level 5.6 Shields


You had 8 spell levels left.
You didn't know any spells.
Your spell library contained the following spells:

 Spells                   Type           Power      Damage    Failure   Level
 Sting                    Tmut/Pois      0%         1d3       99%         1
 Poisonous Vapours        Pois/Air       0%         N/A       100%        2
 Slow                     Hex            0%         N/A       100%        2
 Confusing Touch          Hex            0%         N/A       100%        3
 Frozen Ramparts          Ice            0%         1d2       100%        3
 Ignite Poison            Fire/Tmut/Pois 0%         N/A       100%        3
 Mephitic Cloud           Conj/Pois/Air  0%         N/A       100%        3
 Vampiric Draining        Necr           0%         2d6       100%        3
 Ice Form                 Ice/Tmut       0%         N/A       100%        4
 Olgreb's Toxic Radiance  Pois           0%         N/A       100%        4
 Summon Ice Beast         Ice/Summ       0%         N/A       100%        4
 Freezing Cloud           Conj/Ice/Air   0%         6-21      100%        5


Dungeon Overview and Level Annotations

Branches:
Dungeon (9/15)             Temple (1/1) D:7         Ossuary (visited)
 Bailey (1/1)
   Lair: D:8-11         Orc: D:9-12

Altars:
Ashenzari
Cheibriados
Dithmenos
Elyvilon
Fedhas
Gozag
Hepliaklqana
Kikubaaqudgha
Makhleb
Nemelex Xobeh
Qazlal
Ru
Trog
Uskayaw
Vehumet
Wu Jian
Xom
Yredelemnul
Zin
The Shining One

Shops:
D:5 !   D:6 [

Annotations:
D:4 1 runed translucent door, Crazy Yiuf
D:6 2 runed translucent doors
D:7 1 runed translucent door, Maimakterion's ghost, novice DsFi
D:8 4 runed translucent doors


Innate Abilities, Weirdness & Mutations

You cannot be hasted, slowed, berserked, paralysed or teleported.
You can dig through walls and to a lower floor.
You have a pair of large antennae on your head. (SInv)
Your four strong arms can wield two-handed weapons with a shield.


Message History

Unknown command.
You hit the orc warrior but do no damage.
The orc warrior is severely wounded.
You slash the orc warrior!
You hit the orc warrior but do no damage.
You hit the gnoll. You barely miss the orc warrior.
The orc warrior hits you with a +0 war axe.
The orc warrior barely misses you. You block the orc warrior's attack.
The orc warrior barely misses you. The gnoll hits you but does no damage.
You hit the orc warrior but do no damage.
The orc warrior is severely wounded.
You hit the orc warrior but do no damage.
You hit the gnoll.
You hit the orc warrior but do no damage.
You hit the orc warrior.
The orc warrior hits you with a +0 war axe.
* * * LOW HITPOINT WARNING * * *
The orc warrior barely misses you.
The orc warrior hits you with a +0 battleaxe.
* * * LOW HITPOINT WARNING * * *
Unknown command.
You hit the orc warrior.
The orc warrior is severely wounded.
You slash the orc warrior! You hit the orc warrior. You hit the gnoll.
You kill the gnoll!
You slash the orc warrior!
The orc warrior hits you with a +0 war axe!
* * * LOW HITPOINT WARNING * * *
You block the orc warrior's attack. The orc warrior barely misses you.
The orc warrior hits you with a +0 battleaxe.
* * * LOW HITPOINT WARNING * * *
Unknown command.
You barely miss the orc warrior.
The orc warrior is almost dead.
You barely miss the orc warrior. You slash the orc warrior!
You closely miss the goblin. You hit the orc warrior.
You block the orc warrior's attack. The goblin hits you but does no damage.
The orc warrior hits you but does no damage.
The orc warrior hits you with a +0 war axe.
You die...

#≈.≈#
K≈.≈K {
##≈.≈##
K≈.≈K{
#≈g≈##
{ ≈.≈.
##o##
##oo.##
#8@oo8#
##og)##
##8##
###


You could see 4 orc warriors, 2 orcs, a hobgoblin, a goblin and 2 kobolds.

Vanquished Creatures
  A water moccasin (D:6)
  An orc warrior (Bailey)
  A sky beast (D:7)
  A necrophage (D:6)
  3 kobold brigands
  A phantom (D:7)
  2 gnoll sergeants
  A bullfrog (D:8)
  3 scorpions
  A water moccasin skeleton (D:6)
  A wight (D:6)
  A howler monkey (D:9)
  6 bullfrog zombies
  A centaur zombie (Ossuary)
  A jelly (D:5)
  2 centaur skeletons
  2 orc priests
  2 bullfrog skeletons
  2 gnoll shamans
  2 iguanas (D:6)
  An orc wizard (D:4)
  Natasha (thrice) (D:3)
  A killer bee zombie (D:8)
  2 mummies (Ossuary)
  2 howler monkey zombies
  6 adders
  26 gnolls
  An ufetubus (D:6)
  An adder skeleton (D:5)
  2 worms
  4 dart slugs
  7 orcs
  9 endoplasms
  2 giant cockroaches (D:2)
  11 goblins
  9 hobgoblins
  2 jackals (D:3)
  3 quokkas
  4 ball pythons
  3 bats (D:2)
  19 kobolds
  5 rats
158 creatures vanquished.

Vanquished Creatures (others)
  4 kobolds (D:8)
  5 withered plants (Ossuary)
9 creatures vanquished.

Grand Total: 167 creatures vanquished

Notes
Turn   | Place    | Note
-------+----------+-------------------------------------------
     0 | D:1      | ytrimaz the Formicid Fighter began the quest for the Orb.
     0 | D:1      | Reached XP level 1. HP: 18/18 MP: 1/1
   174 | D:1      | Found a faded altar of an unknown god.
   280 | D:1      | Reached XP level 2. HP: 21/24 MP: 2/2
   838 | D:2      | Reached XP level 3. HP: 18/30 MP: 3/3
  1428 | D:2      | Reached XP level 4. HP: 37/37 MP: 4/4
  2200 | D:3      | Found a stormy altar of Qazlal.
  2204 | D:3      | Found a hazy altar of Hepliaklqana.
  2204 | D:3      | Found a sparkling altar of Nemelex Xobeh.
  2204 | D:3      | Found a glowing golden altar of the Shining One.
  2238 | D:3      | Reached skill level 3 in Axes
  2400 | D:3      | Found a snail-covered altar of Cheibriados.
  2758 | D:3      | Noticed Natasha
  2771 | D:3      | Killed Natasha
  2772 | D:3      | Reached XP level 5. HP: 30/42 MP: 5/5
  2809 | D:3      | Noticed Natasha
  2852 | D:3      | Killed Natasha
  3121 | D:3      | Noticed Natasha
  3128 | D:3      | Killed Natasha
  3231 | D:4      | Found a sand-covered staircase.
  3269 | Ossuary  | Entered an ossuary
  3295 | Ossuary  | Reached skill level 4 in Axes
  3297 | Ossuary  | Reached XP level 6. HP: 15/48 MP: 6/6
  3721 | D:4      | Found a radiant altar of Vehumet.
  3721 | D:4      | Found an ornate altar of the Wu Jian Council.
  3916 | D:4      | Reached skill level 5 in Axes
  3916 | D:4      | Reached XP level 7. HP: 29/55 MP: 7/7
  4152 | D:4      | Found a shadowy altar of Dithmenos.
  4213 | D:4      | Found a runed translucent door.
  4214 | D:4      | Noticed Crazy Yiuf
  4504 | D:5      | Entered Level 5 of the Dungeon
  4561 | D:5      | Reached skill level 5 in Armour
  4822 | D:5      | Found Uqigrat's Distillery.
  4918 | D:5      | You fall into a shaft and drop 3 floors!
  5284 | D:7      | Reached skill level 5 in Fighting
  5284 | D:7      | Reached skill level 6 in Axes
  5284 | D:7      | Reached XP level 8. HP: 57/62 MP: 8/8
  5545 | D:7      | You fall into a shaft and drop 1 floor!
  5859 | D:7      | Noticed Maimakterion's ghost (novice DsFi)
  5860 | D:7      | Found a runed translucent door.
  5916 | D:7      | Found a staircase to the Ecumenical Temple.
  5922 | Temple   | Entered the Ecumenical Temple
  6314 | D:7      | Found a sacrificial altar of Ru.
  6338 | D:7      | Reached skill level 5 in Shields
  6589 | D:6      | Reached skill level 7 in Axes
  6777 | D:6      | Found Yblir's Armour Emporium.
  6786 | D:6      | Bought a +0 plate armour for 276 gold pieces
  6859 | D:6      | Found a large runed translucent door.
  6859 | D:6      | Found a large runed translucent door.
  6859 | D:6      | Found a shimmering altar of Xom.
  7611 | D:5      | Reached XP level 9. HP: 68/68 MP: 9/9
  8485 | D:6      | Reached skill level 8 in Axes
  8898 | D:8      | Noticed a two-headed ogre
  9331 | D:8      | Found a large runed translucent door.
  9331 | D:8      | Found a large runed translucent door.
  9337 | D:8      | Noticed a kobold demonologist
  9344 | D:8      | Found a large runed translucent door.
  9344 | D:8      | Found a large runed translucent door.
 10175 | D:8      | Noticed a troll
 10688 | D:9      | Found a flagged portal.
 10695 | D:9      | Identified the +8 hand axe of the Wraith {antimagic, Str+3
                  | Int+2}
 10700 | Bailey   | Entered a bailey
 10752 | Bailey   | Slain by an orc warrior

Illustrated notes

Levels and vault maps discovered:
D:1:      amcnicky_arrival_blooded_trapdoor, layout_basic,
          hellmonk_ecumenical_altar_heavens_door
D:2:      layout_loops_ring, columned_hall_lemuel, minmay_quantized
D:3:      layout_basic, nicolae_overflow_hidden_temple,
          grunt_temple_overflow_open, uniq_natasha
D:4:      layout_rooms, nicolae_dithmenos_the_darkroom,
          mainiacjoe_overflow_large_starburst,
          lightli_ossuary_entry_decrepit_ruins, uniq_crazy_yiuf_cottage
D:5:      layout_basic, serial_shops, nicolae_square_shop
D:6:      due_chaos_kobolds, layout_basic, serial_shops, nicolae_shop_trees
D:7:      layout_basic, mainiacjoe_overflow_catwalk,
          minmay_temple_entry_enclosed_plants, hellmonk_ghost_happy_afterlife,
          hangedman_misty_isle
D:8:      layout_cave_pods, nrook_pool_corridor, minmay_hollow_rounded_squares
D:9:      layout_irregular_city, okawaru_metal_pillars_3, tgw_sif,
          enter_bailey_2, uniq_joseph
Temple:   minmay_temple_curvy_loop
Bailey:   bailey_axe_1, bailey

Skill      XL: |  1  2  3  4  5  6  7  8  9 |
---------------+----------------------------+-----
Shields        | 4 5 |  5.6
Armour         | 4 5 6 7 |  7.6
Axes           | 3 4 5 6 7 8 |  8.7
Fighting       | 4 5 6 |  6.2

Action                   |  1- 3 |  4- 6 |  7- 9 || total
-------------------------+-------+-------+-------++-------
Melee: War axe           |    81 |   122 |   295 ||   498
       Hand axe          |       |       |    19 ||    19
 Abil: Dig               |       |       |     4 ||     4
       Shaft Self        |       |       |     2 ||     2
  Use: Scroll            |     3 |     4 |     5 ||    12
       Potion            |       |     3 |     6 ||     9
Armor: Scale mail        |    34 |    60 |   100 ||   194
       Plate armour      |       |       |   140 ||   140
Dodge: Dodged            |    28 |    58 |   174 ||   260
Block: Buckler           |    13 |    30 |   111 ||   154

Table legend: (Time is in decaauts)
 A = Elapsed time spent in this place.
 B = Non-inter-level travel time spent in this place.
 C = Inter-level travel time spent in this place.
 D = Time resting spent in this place.
 E = Time spent auto-exploring this place.
 F = Levels seen in this place.
 G = Mean time per level.
                   A        B        C        D        E       F      G
               +--------+--------+--------+--------+--------+-----+--------+
         Total |  10875 |  10455 |    420 |   2719 |   5351 |  12 |  906.2 |
       Dungeon |  10521 |  10130 |    391 |   2700 |   5168 |   9 | 1169.0 |
        Temple |    233 |    204 |     29 |      0 |    183 |   1 |  233.0 |
       Ossuary |     70 |     70 |      0 |     10 |      0 |   1 |   70.0 |
        Bailey |     49 |     49 |      0 |      9 |      0 |   1 |   49.0 |
               +--------+--------+--------+--------+--------+-----+--------+

Top non-repeatable levels by time:
     D:6: 1684 daAuts
     D:5: 1434 daAuts
     D:8: 1367 daAuts
     D:3: 1356 daAuts
     D:4: 1218 daAuts
     D:2: 1098 daAuts
     D:7: 1048 daAuts
     D:1: 836 daAuts
     D:9: 477 daAuts
  Temple: 233 daAuts
 Ossuary: 70 daAuts
  Bailey: 49 daAuts
